 Dungeon Crawl Stone Soup version 0.25-a0-975-gcae8493d64 (webtiles) character file.

Game seed: 7173576326154936122, levelgen mode: deterministic

27 Flugslaktarn the Shield-Bearer (level 2, -1/27 HPs)
             Began as a Deep Dwarf Fighter on May 10, 2020.
             Slain by Pikel
             ... wielding a +0 whip of flaming
              (4 damage)
             ... on level 4 of the Dungeon.
             The game lasted 00:00:18 (542 turns).

Flugslaktarn the Shield-Bearer (Deep Dwarf Fighter)  Turns: 542, Time: 00:00:19

Health: -1/27      AC:  6    Str: 19    XL:     2   Next: 93%
Magic:  0/0        EV:  7    Int:  8    God:
Gold:   30         SH:  9    Dex: 12    Spells: 1/1 levels left

rFire    . . .     SeeInvis .   a - +0 war axe
rCold    . . .     Gourm    .   c - +0 kite shield
rNeg     . . .     Faith    .   b - +0 scale mail
rPois    .         Spirit   .   (no helmet)
rElec    .         Reflect  .   (no cloak)
rCorr    .         Harm     .   (no gloves)
MR       .....                  (no boots)
Stlth    ..........             (no amulet)
HPRegen  0.00/turn              (no ring)
MPRegen  0.07/turn              (no ring)

@: non-regenerating
A: damage resistance, heal wounds, sense surroundings 1, no regeneration
a: Heal Wounds


You were on level 4 of the Dungeon.
You were not hungry.

You visited 1 branch of the dungeon, and saw 4 of its levels.

You collected 30 gold pieces.

Inventory:

Hand Weapons
 a - a +0 war axe (weapon)
Armour
 b - a +0 scale mail (worn)
 c - a +0 kite shield (worn)
Scrolls
 j - 2 scrolls of remove curse {unknown}
 k - a scroll of immolation {unknown}
 m - a scroll of identify {unknown}
Potions
 d - 2 potions of might
 f - a potion of flight {unknown}
 h - 2 potions of berserk rage {unknown}
 i - a potion of stabbing {unknown}
 l - 2 potions of degeneration {unknown}
Comestibles
 e - 4 rations
 g - 5 chunks of flesh


   Skills:
 + Level 2.9 Fighting
 * Level 3.0 Axes
 + Level 3.5 Armour
 + Level 3.6 Shields


You had one spell level left.
You didn't know any spells.
Your spell library was empty.

Dungeon Overview and Level Annotations

Branches:
Dungeon (4/15)
 Temple: D:4-7

Altars:
Ashenzari

Shops:
D:4 [

Annotations:
D:4 Pikel


Innate Abilities, Weirdness & Mutations

You are resistant to damage.
You can heal yourself by infusing magical energy.
You passively map a small area around you.
You do not regenerate.


Message History

Pikel hits you but does no damage.
You barely miss the slave.
The slave is severely wounded.
You hit Pikel but do no damage. The slave hits you.
Pikel hits you but does no damage.
You hit the slave.
The slave is severely wounded.
You hit Pikel but do no damage. The slave hits you. Pikel barely misses you.
The slave hits you!
* * * LOW HITPOINT WARNING * * *
You block Pikel's attack.
You are too injured to fight recklessly!
You are too injured to fight recklessly!
You are too injured to fight recklessly!
You closely miss Pikel.
Pikel is moderately wounded.
You hit the slave but do no damage. The slave hits you.
* * * LOW HITPOINT WARNING * * *
Pikel hits you with a +0 whip of flaming.
You die...

* ≈ , ,, ≈ ###* ≈ ..., ,
, , ≈ , #.., , * * , ,
*#.# #+### , , ≈
,,**#.#.....# . ***
#.#p§.≈.# .# ≈ *
#pKp§§..+ , .# * ####@# ,
.########## #....# , *
.##.......# ####.###+###
,
.##.####.#######........
.##.#.......÷.......####*
, ..(...##.############
......##.# .........# * ,
......####


You could see Pikel and 3 slaves.

Vanquished Creatures
  An adder (D:4)
  A worm (D:2)
  A dart slug (D:1)
  A ball python (D:2)
  A giant cockroach (D:1)
  A goblin (D:3)
  2 hobgoblins
  2 bats (D:1)
  A kobold (D:2)
  2 rats
13 creatures vanquished.

Notes
Turn   | Place    | Note
-------+----------+-------------------------------------------
     0 | D:1      | Flugslaktarn the Deep Dwarf Fighter began the quest for the
                  | Orb.
     0 | D:1      | Reached XP level 1. HP: 20/20 MP: 1/1
   224 | D:2      | Reached XP level 2. HP: 25/27 MP: 2/2
   421 | D:3      | Found a shattered altar of Ashenzari.
   521 | D:4      | Found Icill's Armour Shop.
   521 | D:4      | Noticed Pikel
   521 | D:4      | Noticed a slave
   521 | D:4      | Noticed a slave
   521 | D:4      | Noticed a slave
   522 | D:4      | Noticed a slave
   542 | D:4      | Slain by Pikel

Illustrated notes

Levels and vault maps discovered:
D:1:      sevenhm_arrival_forest_fort_large_4, layout_loops_ring
D:2:      layout_basic
D:3:      layout_rooms, cheibrodos_ashenzari_chains, first_ration
D:4:      layout_loops_ring, serial_shops, kennysheep_little_box, serial_glass,
          glass_columns_b, glass_columns_c, item_on_display_a,
          chequers_big_river, uniq_pikel

Skill      XL: |  1  2 |
---------------+-------+-----
Axes           | 3 |  3.0
Fighting       | |  2.9
Armour         | |  3.5
Shields        | |  3.6

Action                   || total
-------------------------++-------
Melee: War axe           ||    61
 Abil: Heal Wounds       ||     2
Armor: Scale mail        ||    25
Dodge: Dodged            ||    17
Block: Kite shield       ||    26

Table legend:
 A = Non-vault XP
 B = Vault XP
 C = Vault XP percentage of total XP
 D = Non-vault monster count
 E = Vault monster count
 F = Vault count percentage of total count
                 A         B        C        D         E       F
            +---------+---------+-------+---------+---------+-------
      Total |      39 |       0 |   0.0 |      13 |       0 |   0.0
            +---------+---------+-------+---------+---------+-------
        D:1 |      11 |       0 |   0.0 |       5 |       0 |   0.0
        D:2 |       9 |       0 |   0.0 |       4 |       0 |   0.0
        D:3 |       5 |       0 |   0.0 |       3 |       0 |   0.0
        D:4 |      14 |       0 |   0.0 |       1 |       0 |   0.0
            +---------+---------+-------+---------+---------+-------
